Map: Oxide LE

Players

Neeblet (Neeb)

  • Race: Protoss Protoss
  • League: Grandmaster
  • Spawn Location: 7:00

wake - Winner!

  • Race: Terran Terran
  • League: Grandmaster
  • Spawn Location: 1:00

VOD

Have the link to the VOD?

Description

Time

  • Played on: Nov. 17, 2020, 10:55 a.m.
  • Length: 7:30
Show
View Real Time Build Order
Export as new Build Order

Neeblet Protoss 

Build Orders: 1 Gate Expand, Phoenix Opening 

Get SALT Encoding   

  12  0:00  Probe  
  13  0:12  Probe  
  14  0:18  Pylon  
  14  0:24  Probe (Chrono Boost)  
  15  0:36  Gateway  
  15  0:37  Probe (Chrono Boost)  
  16  0:44  Probe (Chrono Boost)  
  16  0:45  Assimilator  
  17  0:51  Probe  
  18  1:03  Probe  
  19  1:16  Probe  
  20  1:22  Nexus  
  20  1:30  Cybernetics Core  
  20  1:34  Probe  
  21  1:40  Assimilator  
  21  1:46  Probe  
  22  1:48  Pylon  
  22  1:58  Probe (Chrono Boost)  
  23  2:04  Stalker (Chrono Boost)  
  26  2:09  Probe (Chrono Boost)  
  26  2:11  Warp Gate  
  26  2:14  Probe (Chrono Boost)  
  27  2:20  Shield Battery  
  27  2:25  Probe (Chrono Boost)  
  27  2:27  Adept  
  30  2:34  Probe (Chrono Boost)  
  32  2:43  Probe (Chrono Boost)  
  32  2:44  Probe (Chrono Boost)  
  33  2:46  Shield Battery  
  33  2:49  Probe (Chrono Boost)  
  33  2:51  Robotics Facility  
  34  2:52  Probe  
  34  2:58  Sentry  
  37  3:01  Probe  
  37  3:04  Probe  
  39  3:06  Pylon  
  39  3:13  Probe  
  39  3:16  Probe  
  41  3:25  Probe  
  42  3:29  Nexus  
  42  3:30  Probe  
  42  3:32  Phoenix  
  43  3:35  Pylon  
  43  3:37  Probe  
  43  3:40  Observer (Chrono Boost)  
  45  3:42  Probe  
  46  3:48  Pylon  
  46  3:49  Probe  
  46  3:54  Immortal (Chrono Boost), Probe  
  52  4:00  Stalker  
  54  4:04  Shield Battery  
  54  4:05  Probe  
  54  4:07  Probe  
  54  4:09  Assimilator  
  56  4:14  Pylon  
  56  4:18  Probe  
  57  4:28  Stalker  
  59  4:31  Immortal (Chrono Boost)  
  59  4:33  Probe  
  59  4:36  Probe  
  64  4:42  Probe  
  59  4:48  Probe  
  54  4:56  Stalker, Gateway  
  54  4:57  Probe x2, Observer  
  54  4:58  Gateway  
  57  5:00  Probe  
  57  5:04  Immortal (Chrono Boost)  
  62  5:09  Probe x2  
  62  5:12  Probe  
  65  5:21  Probe x2  
  67  5:24  Probe  
  67  5:25  Robotics Bay  
  67  5:26  Forge  
  67  5:28  Pylon, Sentry  
  70  5:31  Pylon  
  70  5:33  Probe x2  
  70  5:35  Immortal (Chrono Boost)  
  76  5:43  Gateway  
  76  5:44  Gateway  
  76  5:50  Gateway  
  76  5:53  Pylon, Probe x2  
  76  5:54  Phoenix, Probe  
  78  5:57  Sentry  
  78  5:58  Shield Battery  
  78  6:00  Adept x2  
  84  6:04  Shield Battery  
  84  6:06  Pylon  
  84  6:12  Assimilator, Colossus (Chrono Boost)  
  84  6:15  Assimilator  
  84  6:17  Shield Battery  
  84  6:18  Pylon  
  90  6:21  Stalker  
  90  6:22  Zealot  
  90  6:25  Adept  
  96  6:26  Probe x2  
  96  6:30  Probe  
  99  6:38  Probe x2  
  101  6:41  Pylon  
  101  6:44  Zealot  
  101  6:45  Zealot  
  105  6:48  Zealot  
  105  6:50  Probe  
  104  6:55  Probe  
  104  6:56  Probe  
  92  7:07  Stalker  
  92  7:08  Stalker  
  93  7:13  Photon Cannon  
  93  7:14  Pylon  
Show
View Real Time Build Order
Export as new Build Order

wake Terran - Winner!

Build Orders:  

Get SALT Encoding   

  12  0:00  SCV  
  13  0:12  SCV  
  14  0:17  Supply Depot  
  14  0:24  SCV  
  15  0:38  SCV  
  15  0:40  Barracks  
  16  0:43  Refinery  
  16  0:50  SCV  
  17  1:03  SCV  
  18  1:15  SCV  
  19  1:28  Marine, Orbital Command  
  20  1:45  Command Center  
  20  1:47  Barracks Reactor  
  20  1:54  SCV  
  20  1:56  Supply Depot  
  21  2:06  SCV  
  22  2:10  Factory  
  22  2:18  SCV  
  23  2:22  Bunker  
  23  2:23  Marine x2  
  25  2:30  SCV  
  25  2:32  Refinery  
  26  2:41  Marine x2  
  26  2:42  SCV  
  29  2:55  SCV  
  29  2:56  Starport  
  30  2:59  Orbital Command  
  30  3:02  Factory Tech Lab  
  30  3:03  Marine  
  31  3:07  Marine  
  31  3:09  SCV  
  33  3:20  Siege Tank  
  33  3:21  SCV  
  33  3:24  Marine, SCV  
  33  3:26  Marine  
  40  3:34  Medivac  
  42  3:40  Supply Depot, SCV  
  43  3:42  Marine  
  43  3:43  SCV  
  43  3:44  Marine  
  46  3:58  Barracks  
  46  4:00  Barracks  
  46  4:02  Marine, SCV x2  
  48  4:03  Marine  
  48  4:04  Supply Depot  
  48  4:06  Starport Tech Lab  
  50  4:14  SCV  
  50  4:15  Engineering Bay  
  51  4:18  SCV  
  51  4:20  Marine  
  51  4:21  Marine  
  54  4:26  SCV  
  53  4:34  Refinery, SCV  
  53  4:38  Marine, SCV  
  54  4:39  Starport Reactor, Marine  
  54  4:41  Factory Reactor  
  52  4:46  SCV  
  52  4:51  SCV  
  53  4:55  Marauder x2, Combat Shield, Stimpack  
  53  4:58  Supply Depot, SCV  
  53  4:59  Marine x2  
  60  5:02  Terran Infantry Weapons Level 1  
  60  5:03  SCV  
  61  5:10  SCV  
  62  5:19  Marine x2, Marauder x2, SCV  
  62  5:20  Supply Depot  
  69  5:22  SCV  
  69  5:27  Supply Depot  
  74  5:28  Widow Mine x2  
  74  5:30  Medivac  
  76  5:39  Marine x2  
  76  5:41  Medivac  
  80  5:43  SCV  
  80  5:45  Marauder  
  80  5:46  Refinery  
  80  5:47  Marauder  
  87  5:50  Widow Mine  
  87  5:55  Widow Mine  
  89  6:04  Marine  
  90  6:05  Marine  
  90  6:07  Marauder  
  90  6:09  Supply Depot  
  93  6:14  Medivac, Marauder  
  93  6:16  Concussive Shells  
  93  6:17  Supply Depot  
  97  6:21  Marine  
  97  6:22  Widow Mine  
  97  6:23  Widow Mine  
  102  6:30  Supply Depot  
  102  6:31  Marine, Marauder  
  105  6:36  Medivac  
  105  6:37  Marauder  
  105  6:39  Marine  
  110  6:46  Widow Mine  
  112  6:51  Marine  
  112  6:53  Marauder  
  112  6:59  Marine  
  112  7:00  Marauder  
  112  7:08  Widow Mine x2  
  112  7:09  Marine  
Tags
 
Add a new tag
Caveats
  • Supply blocks, unpowered buildings, or Contaminate may cause inaccurate times.
  • Supply counts are checked every 10 seconds.